Mulligans vs Little Stars (R1)

Created - January 30, 2020 at 19:00

Goals
1 2 3 T
Mulligans 0 2 0 2
Little Stars 0 3 3 6
Shots
1 2 3 T
Mulligans 4 15 6 25
Little Stars 5 16 13 34

1st period

No Goal

Penalties :
No Penalty

2nd period

1. Mulligans , Sven Baertschi 12 (Cody Goloubef 16) at 4:50
2. Little Stars , Scott Kosmachuck 17 (Tucker Poolman 1) at 10:45
3. Little Stars , Dana Tyrell 15 (Adam Tambellini 7, Reece Willcox 9) at 12:59
4. Little Stars , Scott Kosmachuck 18 (Evgeny Kuznetsov 38, Tyler Wotherspoon 22) at 14:50
5. Mulligans , Drayson Bowman 9 (Joonas Donskoi 9, Logan Shaw 22) at 15:28

Penalties :
Michael Sdao (Rep) for Goalie Interference (Minor) at 0:28, Jason Dickinson (Tex) for Slashing (Minor) at 2:42, Michael Mersch (Tex) for Hooking (Minor) at 4:55, Daniil Tarasov (Tex) for High sticking (Minor) at 7:06

3rd period

6. Little Stars , Dana Tyrell 16 (Adam Tambellini 8) at 10:29 (PP)
7. Little Stars , Michael Mersch 18 (Daniel O'regan 16, Sebastian Wannstrom 14) at 11:27
8. Little Stars , Tyson Barrie 9 (Dana Tyrell 25, Adam Tambellini 9) at 19:32

Penalties :
Valeri Nichushkin (Rep) for Tripping (Minor) at 2:59, Eric Tangradi (Rep) for Roughing (Minor) at 9:15, Eric Tangradi (Rep) for Hooking (Minor) at 12:01

Goalie Stats

Calvin Pickard (Rep), 28 saves from 34 shots - (0.824), L, 15-11-2, 60:00 minutes
Matt Murray (Tex), 23 saves from 25 shots - (0.920), W, 19-9-2, 60:00 minutes

Players Stats for Mulligans

Player Name              G  A  P  +/- PIM S  H  SB GA TA FO     MP     PP MP  PK MP  
------------------------------------------------------------------------------------
Anton Lander             0  0  0  -4  0   3  2  1  1  2  24/30  23:16   3:06   4:14 
Ben Hutton               0  0  0  -1  0   3  1  1  1  0  0/0    21:00   2:15   2:33 
Cade Fairchild           0  0  0  -1  0   0  1  4  1  0  0/0    20:32   2:15   2:20 
Cody Goloubef            0  1  1  -1  0   0  0  2  0  2  0/0    29:03   3:42   4:38 
Dalton Thrower           0  0  0  -1  0   0  1  1  0  0  0/0    10:52   0:00   0:55 
Darren Dietz             0  0  0  -1  0   0  0  0  0  1  0/0     9:57   0:00   0:00 
Drayson Bowman           1  0  1   0  0   3  0  2  0  0  0/0    11:13   0:47   0:03 
Eric Tangradi            0  0  0  -4  4   6  0  0  1  0  0/0    20:33   2:33   1:53 
Jonathan Ferland         0  0  0  -4  0   2  1  0  1  1  0/0    20:02   3:06   1:05 
Joonas Donskoi           0  1  1   0  0   1  0  0  0  0  0/0    13:06   0:00   2:44 
Logan Shaw               0  1  1   0  0   3  3  0  0  0  0/1    14:27   2:37   0:00 
Matt Beleskey            0  0  0   0  0   2  0  0  1  0  1/1    14:27   2:37   0:00 
Maxime Macenauer         0  0  0   0  0   0  4  0  1  1  5/9    16:56   2:51   2:05 
Michael Sdao             0  0  0   0  2   0  1  0  1  0  0/0    24:22   3:42   3:33 
Robbie Russo             0  0  0  -1  0   0  0  0  0  0  0/0     4:22   0:00   0:23 
Robby Fabbri             0  0  0   1  0   1  1  0  0  0  5/6     8:34   0:00   0:00 
Sam Bennett              0  0  0   0  0   0  3  0  1  0  0/4    10:09   0:00   0:00 
Sven Baertschi           1  0  1   1  0   1  0  0  0  1  0/0    11:16   0:14   2:18 
Valeri Nichushkin        0  0  0   1  2   0  0  0  0  1  0/0     8:38   0:00   0:00 

Players Stats for Little Stars

Player Name              G  A  P  +/- PIM S  H  SB GA TA FO     MP     PP MP  PK MP  
------------------------------------------------------------------------------------
Adam Tambellini          0  3  3   2  0   1  2  0  0  0  0/0    14:54   3:21   0:31 
Anton Cederholm          0  0  0   0  0   2  0  1  0  2  0/0    20:29   2:46   3:04 
Dana Tyrell              2  1  3   2  0   2  0  0  0  0  2/10   17:21   3:22   2:51 
Daniel O'regan           0  1  1   1  0   3  0  0  0  0  1/5    11:35   0:09   0:00 
Daniil Tarasov           0  0  0  -1  2   2  1  0  1  0  0/0     8:58   0:00   0:00 
Emile Poirier            0  0  0  -1  0   0  0  0  0  0  0/0     8:49   0:00   0:00 
Evgeny Kuznetsov         0  1  1   1  0   2  4  1  1  2  10/30  22:06   3:49   2:55 
Jason Dickinson          0  0  0  -1  2   0  2  0  1  0  2/4     8:51   0:00   0:00 
Jesse Joensuu            0  0  0   1  0   9  4  2  1  0  1/2    21:03   3:41   1:50 
Michael Mersch           1  0  1   1  2   2  4  1  0  0  0/0    12:16   0:09   0:39 
Patrick Wiercioch        0  0  0   0  0   1  0  0  0  0  0/0    20:29   2:46   3:04 
Reece Willcox            0  1  1   2  0   0  1  1  0  0  0/0    13:10   0:00   0:00 
Scott Kosmachuck         2  0  2   1  0   3  3  0  0  0  0/0    21:03   3:41   1:50 
Sebastian Wannstrom      0  1  1   1  0   2  4  1  1  0  0/0    12:41   0:00   1:18 
Tucker Poolman           0  1  1   2  0   0  0  0  0  0  0/0    13:21   0:00   0:11 
Tyler Wotherspoon        0  1  1   1  0   1  1  0  1  5  0/0    26:10   4:25   2:42 
Tyson Barrie             1  0  1   1  0   1  1  0  3  0  0/0    26:21   4:25   2:53 
Zach Budish              0  0  0   2  0   3  1  0  0  0  0/0    14:23   3:21   0:00 

3 Stars

1 - Dana Tyrell (Tex)
2 - Scott Kosmachuck (Tex)
3 - Adam Tambellini (Tex)

Power Play

Mulligans - 0 on 3 Attempt(s) - 0.00%
Little Stars - 1 on 4 Attempt(s) - 25.00%

Penalty Kill

Mulligans - 3 on 4 Attempt(s) - 75.00% - Score 0 goal in Penalty Kill
Little Stars - 3 on 3 Attempt(s) - 100.00% - Score 0 goal in Penalty Kill

Team Stat

Mulligans - Hits : 18 - Faceoff Wins : 35 - Blocked Shots : 11 - Penalty Minutes : 8
Little Stars - Hits : 28 - Faceoff Wins : 16 - Blocked Shots : 7 - Penalty Minutes : 6

Official

Referees : Unknown
Linesman : Unknown

Game Notes

No Game Note

Finance

Level 1 -- Attendance: 1466 (73.30%) -- Ticket Income $51,310
Level 2 -- Attendance: 1000 (100.00%) -- Ticket Income $15,000
Total Attendance: 2466 (82.20%)
Total Ticket Income: $66,310
Other Income: $3,316
Total Income: $69,626

Mulligans

5 vs 5 Forward 
   Center                   Left Wing                Right Wing               Time % Phy DF OF 
 1 Anton Lander             Eric Tangradi            Jonathan Ferland         40     1   2  2  
 2 Maxime Macenauer         Matt Beleskey            Logan Shaw               30     1   2  2  
 3 Sam Bennett              Drayson Bowman           Joonas Donskoi           20     1   2  2  
 4 Robby Fabbri             Sven Baertschi           Valeri Nichushkin        10     1   2  2  

5 vs 5 Defense 
   Defense                  Defense                                           Time % Phy DF OF 
 1 Cody Goloubef            Michael Sdao                                      40     1   2  2  
 2 Ben Hutton               Cade Fairchild                                    30     1   2  2  
 3 Darren Dietz             Dalton Thrower                                    20     1   2  2  
 4 Robbie Russo             Cody Goloubef                                     10     1   2  2  

PowerPlay Forward 
   Center                   Left Wing                Right Wing               Time % Phy DF OF 
 1 Anton Lander             Eric Tangradi            Jonathan Ferland         60     1   2  2  
 2 Maxime Macenauer         Matt Beleskey            Logan Shaw               40     1   2  2  

PowerPlay Defense
   Defense                  Defense                                           Time % Phy DF OF 
 1 Cody Goloubef            Michael Sdao                                      60     1   2  2  
 2 Ben Hutton               Cade Fairchild                                    40     1   2  2  

Penalty Kill 4 Players Forward 
   Center                   Wing                     Time % Phy DF OF 
 1 Anton Lander             Eric Tangradi            60     1   2  2  
 2 Jonathan Ferland         Maxime Macenauer         40     1   2  2  

Penalty Kill 4 Players Defense
   Defense                  Defense                  Time % Phy DF OF 
 1 Cody Goloubef            Michael Sdao             60     1   2  2  
 2 Ben Hutton               Cade Fairchild           40     1   2  2  

Penalty Kill - 3 Players Forward 
   Forward                                           Time % Phy DF OF 
 1 Anton Lander                                      60     1   2  2  
 2 Eric Tangradi                                     40     1   2  2  

Penalty Kill - 3 Players Defense
   Defense                  Defense                  Time % Phy DF OF 
 1 Cody Goloubef            Michael Sdao             60     1   2  2  
 2 Ben Hutton               Cade Fairchild           40     1   2  2  

4 vs 4 Forward 
   Center                   Wing                     Time % Phy DF OF 
 1 Anton Lander             Eric Tangradi            60     1   2  2  
 2 Jonathan Ferland         Maxime Macenauer         40     1   2  2  

4 vs 4 Defense
   Defense                  Defense                  Time % Phy DF OF 
 1 Cody Goloubef            Michael Sdao             60     1   2  2  
 2 Ben Hutton               Cade Fairchild           40     1   2  2  

Last Minutes Offensive
   Center                   Left Wing                Right Wing               Defense                  Defense                  
   Anton Lander             Eric Tangradi            Jonathan Ferland         Cody Goloubef            Michael Sdao             

Last Minutes Defensive
   Center                   Left Wing                Right Wing               Defense                  Defense                  
   Anton Lander             Eric Tangradi            Jonathan Ferland         Cody Goloubef            Michael Sdao             

Goaltenders
Starting : Calvin Pickard           
Backup : Juuse Saros              

Extra Forwards
Normal : Drayson Bowman, Sven Baertschi, Joonas Donskoi - PP : Drayson Bowman, Sven Baertschi - PK : Joonas Donskoi
Extra Defensemen
Normal : Darren Dietz, Dalton Thrower, Robbie Russo - PP : Darren Dietz - PK : Dalton Thrower, Robbie Russo
Penalty Shots
Anton Lander, Eric Tangradi, Jonathan Ferland, Maxime Macenauer, Matt Beleskey

Scratches
Reid Boucher (Healthy), Nick Moutrey (Healthy), John Hayden (Healthy), Jonny Brodzinski (Healthy), Cristiano Digiacinto (Healthy)

Little Stars

5 vs 5 Forward 
   Center                   Left Wing                Right Wing               Time % Phy DF OF 
 1 Evgeny Kuznetsov         Jesse Joensuu            Scott Kosmachuck         40     1   2  2  
 2 Dana Tyrell              Adam Tambellini          Zach Budish              30     1   2  2  
 3 Daniel O'regan           Michael Mersch           Sebastian Wannstrom      20     1   2  2  
 4 Jason Dickinson          Emile Poirier            Daniil Tarasov           10     1   2  2  

5 vs 5 Defense 
   Defense                  Defense                                           Time % Phy DF OF 
 1 Tyson Barrie             Tyler Wotherspoon                                 40     1   2  2  
 2 Patrick Wiercioch        Anton Cederholm                                   30     1   2  2  
 3 Reece Willcox            Tucker Poolman                                    20     1   2  2  
 4 Tyson Barrie             Tyler Wotherspoon                                 10     1   2  2  

PowerPlay Forward 
   Center                   Left Wing                Right Wing               Time % Phy DF OF 
 1 Evgeny Kuznetsov         Jesse Joensuu            Scott Kosmachuck         60     0   2  3  
 2 Dana Tyrell              Adam Tambellini          Zach Budish              40     0   2  3  

PowerPlay Defense
   Defense                  Defense                                           Time % Phy DF OF 
 1 Tyson Barrie             Tyler Wotherspoon                                 60     0   2  3  
 2 Patrick Wiercioch        Anton Cederholm                                   40     0   2  3  

Penalty Kill 4 Players Forward 
   Center                   Wing                     Time % Phy DF OF 
 1 Evgeny Kuznetsov         Dana Tyrell              60     0   3  2  
 2 Jesse Joensuu            Scott Kosmachuck         40     0   3  2  

Penalty Kill 4 Players Defense
   Defense                  Defense                  Time % Phy DF OF 
 1 Tyson Barrie             Tyler Wotherspoon        60     0   3  2  
 2 Patrick Wiercioch        Anton Cederholm          40     0   3  2  

Penalty Kill - 3 Players Forward 
   Forward                                           Time % Phy DF OF 
 1 Evgeny Kuznetsov                                  60     0   3  2  
 2 Dana Tyrell                                       40     0   3  2  

Penalty Kill - 3 Players Defense
   Defense                  Defense                  Time % Phy DF OF 
 1 Tyson Barrie             Tyler Wotherspoon        60     0   3  2  
 2 Patrick Wiercioch        Anton Cederholm          40     0   3  2  

4 vs 4 Forward 
   Center                   Wing                     Time % Phy DF OF 
 1 Evgeny Kuznetsov         Dana Tyrell              60     1   2  2  
 2 Jesse Joensuu            Scott Kosmachuck         40     1   2  2  

4 vs 4 Defense
   Defense                  Defense                  Time % Phy DF OF 
 1 Tyson Barrie             Tyler Wotherspoon        60     1   2  2  
 2 Patrick Wiercioch        Anton Cederholm          40     1   2  2  

Last Minutes Offensive
   Center                   Left Wing                Right Wing               Defense                  Defense                  
   Evgeny Kuznetsov         Jesse Joensuu            Scott Kosmachuck         Tyson Barrie             Tyler Wotherspoon        

Last Minutes Defensive
   Center                   Left Wing                Right Wing               Defense                  Defense                  
   Evgeny Kuznetsov         Jesse Joensuu            Scott Kosmachuck         Tyson Barrie             Tyler Wotherspoon        

Goaltenders
Starting : Matt Murray              
Backup : Peter Delmas             

Extra Forwards
Normal : Michael Mersch, Daniel O'regan, Sebastian Wannstrom - PP : Michael Mersch, Daniel O'regan - PK : Sebastian Wannstrom
Extra Defensemen
Normal : Reece Willcox, Tucker Poolman, Patrick Wiercioch - PP : Reece Willcox - PK : Tucker Poolman, Patrick Wiercioch
Penalty Shots
Evgeny Kuznetsov, Dana Tyrell, Jesse Joensuu, Scott Kosmachuck, Adam Tambellini

Scratches
Justin Auger (Healthy), Eric Knodel (Healthy), Ville Pokka (Healthy), Shane Gersich (Healthy), Radel Fazleev (Healthy)
Julien Nantel (Healthy), Connor Knapp (Healthy), Spencer Martin (Healthy)

% Time on Ice - Mulligans

Lines # - Real PCT - Wanted PCT - Time Play
Normal Forward
1 - 34% - 40% - 16:09
2 - 26% - 30% - 12:00
3 - 22% - 20% - 10:09
4 - 18% - 10% - 8:34
Normal Defense
1 - 37% - 40% - 17:14
2 - 34% - 30% - 15:57
3 - 21% - 20% - 9:57
4 - 8% - 10% - 3:44
PP Forward
1 - 52% - 60% - 3:06
2 - 48% - 40% - 2:51
PP Defense
1 - 62% - 60% - 3:42
2 - 38% - 40% - 2:15
PK Forward
1 - 85% - 60% - 6:06
2 - 15% - 40% - 1:05
PK Defense
1 - 68% - 60% - 4:51
2 - 32% - 40% - 2:20
PK3 Forward
1 - 0% - 60%
2 - 0% - 40%
PK3 Defense
1 - 0% - 60%
2 - 0% - 40%
44 Forward
1 - 0% - 60%
2 - 0% - 40%
44 Defense
1 - 0% - 60%
2 - 0% - 40%
Last Minute Offensive  - 0:00
Last Minute Defensive  - 0:00
Total
Forward - 60:00
Defense - 60:00

% Time on Ice - Little Stars

Lines # - Real PCT - Wanted PCT - Time Play
Normal Forward
1 - 33% - 40% - 15:25
2 - 24% - 30% - 11:18
3 - 24% - 20% - 11:20
4 - 19% - 10% - 8:49
Normal Defense
1 - 39% - 40% - 18:03
2 - 31% - 30% - 14:39
3 - 28% - 20% - 13:10
4 - 2% - 10% - 1:00
PP Forward
1 - 53% - 60% - 3:49
2 - 47% - 40% - 3:22
PP Defense
1 - 61% - 60% - 4:25
2 - 39% - 40% - 2:46
PK Forward
1 - 69% - 60% - 4:07
2 - 31% - 40% - 1:50
PK Defense
1 - 48% - 60% - 2:53
2 - 52% - 40% - 3:04
PK3 Forward
1 - 0% - 60%
2 - 0% - 40%
PK3 Defense
1 - 0% - 60%
2 - 0% - 40%
44 Forward
1 - 0% - 60%
2 - 0% - 40%
44 Defense
1 - 0% - 60%
2 - 0% - 40%
Last Minute Offensive  - 0:00
Last Minute Defensive  - 0:00
Total
Forward - 60:00
Defense - 60:00

Play-by-Play

1st period


0:01 of 1st period - Anton Lander wins face-off versus Evgeny Kuznetsov in neutral zone.
1:34 of 1st period - Snap shot by Eric Tangradi.
1:34 of 1st period - Shot Blocked by Jesse Joensuu.
1:36 of 1st period - Slapshot by Eric Tangradi.
1:36 of 1st period - Stopped by Matt Murray without a rebound.
1:37 of 1st period - Maxime Macenauer wins face-off versus Dana Tyrell in Little Stars zone.
1:50 of 1st period - Slapshot by Matt Beleskey.
1:50 of 1st period - Shot Misses the Net.
1:52 of 1st period - Snap shot by Maxime Macenauer.
1:52 of 1st period - Shot Misses the Net.
2:52 of 1st period - Anton Cederholm is hit by Robby Fabbri and loses puck.
3:16 of 1st period - Snap shot by Dana Tyrell.
3:16 of 1st period - Shot Misses the Net.
3:26 of 1st period - Anton Lander is hit by Scott Kosmachuck and loses puck.
4:28 of 1st period - Darren Dietz is hit by Jesse Joensuu and loses puck.
4:51 of 1st period - Slapshot by Tyson Barrie.
4:51 of 1st period - Shot Misses the Net.
5:18 of 1st period - Snap shot by Anton Lander.
5:18 of 1st period - Stopped by Matt Murray with a rebound.
5:32 of 1st period - Reece Willcox is hit by Maxime Macenauer and loses puck.
5:57 of 1st period - Off-side.
5:58 of 1st period - Anton Lander wins face-off versus Evgeny Kuznetsov in neutral zone.
6:05 of 1st period - Anton Lander is hit by Jesse Joensuu and loses puck.
6:31 of 1st period - Wrist shot by Jesse Joensuu.
6:31 of 1st period - Stopped by Calvin Pickard with a rebound.
6:33 of 1st period - Wrist shot by Anton Cederholm.
6:33 of 1st period - Deflect By Anton Lander.
6:33 of 1st period - Stopped by Calvin Pickard with a rebound.
7:06 of 1st period - Slapshot by Jesse Joensuu.
7:06 of 1st period - Stopped by Calvin Pickard with a rebound.
7:18 of 1st period - Snap shot by Evgeny Kuznetsov.
7:18 of 1st period - Shot Misses the Net.
7:20 of 1st period - Wrist shot by Jesse Joensuu.
7:20 of 1st period - Stopped by Calvin Pickard with a rebound.
7:22 of 1st period - Snap shot by Scott Kosmachuck.
7:22 of 1st period - Shot Misses the Net.
7:28 of 1st period - Wrist shot by Evgeny Kuznetsov.
7:28 of 1st period - Shot Misses the Net.
7:42 of 1st period - Slapshot by Jesse Joensuu.
7:42 of 1st period - Shot Blocked by Cade Fairchild.
7:44 of 1st period - Wrist shot by Jesse Joensuu.
7:44 of 1st period - Shot Misses the Net.
7:46 of 1st period - Snap shot by Evgeny Kuznetsov.
7:46 of 1st period - Deflect By Jesse Joensuu.
7:46 of 1st period - Shot Misses the Net.
7:46 of 1st period - Puck is out of play.
7:47 of 1st period - Matt Beleskey wins face-off versus Dana Tyrell in Mulligans zone.
8:09 of 1st period - Icing by Cody Goloubef.
8:10 of 1st period - Maxime Macenauer wins face-off versus Daniel O'regan in Mulligans zone.
9:17 of 1st period - Icing by Tucker Poolman.
9:18 of 1st period - Jason Dickinson wins face-off versus Logan Shaw in Little Stars zone.
9:27 of 1st period - Slapshot by Sebastian Wannstrom.
9:27 of 1st period - Shot Misses the Net.
10:35 of 1st period - Anton Cederholm is hit by Cade Fairchild and loses puck.
12:29 of 1st period - Tyler Wotherspoon is hit by Sam Bennett and loses puck.
13:32 of 1st period - Off-side.
13:33 of 1st period - Maxime Macenauer wins face-off versus Daniel O'regan in neutral zone.
13:38 of 1st period - Tyler Wotherspoon is hit by Maxime Macenauer and loses puck.
14:07 of 1st period - Wrist shot by Joonas Donskoi.
14:07 of 1st period - Shot Misses the Net.
14:09 of 1st period - Snap shot by Sam Bennett.
14:09 of 1st period - Shot Misses the Net.
14:11 of 1st period - Slapshot by Darren Dietz.
14:11 of 1st period - Shot Blocked by Sebastian Wannstrom.
14:23 of 1st period - Anton Lander is hit by Tyler Wotherspoon and loses puck.
14:40 of 1st period - Tyson Barrie is hit by Ben Hutton and loses puck.
15:05 of 1st period - Matt Beleskey is hit by Zach Budish.
15:11 of 1st period - Snap shot by Matt Beleskey.
15:11 of 1st period - Stopped by Matt Murray with a rebound.
16:19 of 1st period - Cade Fairchild is hit by Jesse Joensuu and loses puck.
16:32 of 1st period - Slapshot by Daniil Tarasov.
16:32 of 1st period - Stopped by Calvin Pickard with a rebound.
16:44 of 1st period - Eric Tangradi is hit by Sebastian Wannstrom and loses puck.
16:53 of 1st period - Snap shot by Eric Tangradi.
16:53 of 1st period - Stopped by Matt Murray with a rebound.
18:26 of 1st period - Logan Shaw is hit by Adam Tambellini and loses puck.
19:18 of 1st period - Darren Dietz is hit by Jason Dickinson and loses puck.
19:35 of 1st period - Maxime Macenauer is hit by Evgeny Kuznetsov and loses puck.
Goals for this period are 0 for Mulligans vs 0 for Little Stars.
Shots for this period are 4 for Mulligans vs 5 for Little Stars.

2nd period


0:01 of 2nd period - Anton Lander wins face-off versus Evgeny Kuznetsov in neutral zone.
0:28 of 2nd period - Minor Penalty to Michael Sdao for Goalie Interference.
0:29 of 2nd period - Anton Lander wins face-off versus Evgeny Kuznetsov in Mulligans zone.
2:28 of 2nd period - Penalty to Michael Sdao is over, Michael Sdao is back on ice.
2:40 of 2nd period - Backhand shot by Eric Tangradi.
2:40 of 2nd period - Shot Misses the Net.
2:42 of 2nd period - Minor Penalty to Jason Dickinson for Slashing.
2:43 of 2nd period - Evgeny Kuznetsov wins face-off versus Maxime Macenauer in Little Stars zone.
2:58 of 2nd period - Snap shot by Maxime Macenauer.
2:58 of 2nd period - Shot Misses the Net.
3:37 of 2nd period - Tyler Wotherspoon is hit by Logan Shaw and loses puck.
4:31 of 2nd period - Michael Sdao is hit by Scott Kosmachuck and loses puck.
4:42 of 2nd period - Penalty to Jason Dickinson is over, Jason Dickinson is back on ice.
4:50 of 2nd period - Snap shot by Sven Baertschi.
4:50 of 2nd period - Goal by Sven Baertschi - Mulligans : 1 - Little Stars : 0.
4:51 of 2nd period - Maxime Macenauer wins face-off versus Daniel O'regan in neutral zone.
4:55 of 2nd period - Minor Penalty to Michael Mersch for Hooking.
4:56 of 2nd period - Anton Lander wins face-off versus Evgeny Kuznetsov in Little Stars zone.
6:55 of 2nd period - Penalty to Michael Mersch is over, Michael Mersch is back on ice.
7:06 of 2nd period - Minor Penalty to Daniil Tarasov for High sticking.
7:07 of 2nd period - Anton Lander wins face-off versus Evgeny Kuznetsov in Little Stars zone.
7:43 of 2nd period - Scott Kosmachuck is hit by Maxime Macenauer and loses puck.
8:39 of 2nd period - Cade Fairchild is hit by Sebastian Wannstrom and loses puck.
9:04 of 2nd period - Sven Baertschi is hit by Tyson Barrie and loses puck.
9:06 of 2nd period - Penalty to Daniil Tarasov is over, Daniil Tarasov is back on ice.
9:09 of 2nd period - Snap shot by Jesse Joensuu.
9:09 of 2nd period - Shot Misses the Net.
9:15 of 2nd period - Slapshot by Jesse Joensuu.
9:15 of 2nd period - Stopped by Calvin Pickard without a rebound.
9:16 of 2nd period - Robby Fabbri wins face-off versus Daniel O'regan in Mulligans zone.
9:16 of 2nd period - Robby Fabbri is hit by Michael Mersch.
9:56 of 2nd period - Snap shot by Eric Tangradi.
9:56 of 2nd period - Shot Blocked by Evgeny Kuznetsov.
10:32 of 2nd period - Reece Willcox is hit by Sam Bennett and loses puck.
10:45 of 2nd period - Wrist shot by Scott Kosmachuck.
10:45 of 2nd period - Goal by Scott Kosmachuck - Mulligans : 1 - Little Stars : 1.
10:46 of 2nd period - Anton Lander wins face-off versus Evgeny Kuznetsov in neutral zone.
11:02 of 2nd period - Slapshot by Eric Tangradi.
11:02 of 2nd period - Deflect By Anton Lander.
11:02 of 2nd period - Stopped by Matt Murray with a rebound.
11:24 of 2nd period - Cade Fairchild is hit by Jesse Joensuu and loses puck.
11:57 of 2nd period - Snap shot by Drayson Bowman.
11:57 of 2nd period - Stopped by Matt Murray without a rebound.
11:58 of 2nd period - Anton Lander wins face-off versus Dana Tyrell in Little Stars zone.
12:24 of 2nd period - Sebastian Wannstrom is hit by Maxime Macenauer and loses puck.
12:47 of 2nd period - Slapshot by Robby Fabbri.
12:47 of 2nd period - Stopped by Matt Murray with a rebound.
12:49 of 2nd period - Slapshot by Ben Hutton.
12:49 of 2nd period - Stopped by Matt Murray without a rebound.
12:50 of 2nd period - Anton Lander wins face-off versus Dana Tyrell in Little Stars zone.
12:59 of 2nd period - Wrist shot by Dana Tyrell.
12:59 of 2nd period - Goal by Dana Tyrell - Mulligans : 1 - Little Stars : 2.
13:00 of 2nd period - Evgeny Kuznetsov wins face-off versus Anton Lander in neutral zone.
13:07 of 2nd period - Tyson Barrie is hit by Anton Lander and loses puck.
13:14 of 2nd period - Slapshot by Tyler Wotherspoon.
13:14 of 2nd period - Stopped by Calvin Pickard with a rebound.
13:16 of 2nd period - Snap shot by Jesse Joensuu.
13:16 of 2nd period - Stopped by Calvin Pickard with a rebound.
13:26 of 2nd period - Adam Tambellini is hit by Michael Sdao and loses puck.
13:31 of 2nd period - Wrist shot by Logan Shaw.
13:31 of 2nd period - Shot Misses the Net.
13:37 of 2nd period - Slapshot by Logan Shaw.
13:37 of 2nd period - Stopped by Matt Murray with a rebound.
13:39 of 2nd period - Wrist shot by Maxime Macenauer.
13:39 of 2nd period - Deflect By Logan Shaw.
13:39 of 2nd period - Stopped by Matt Murray without a rebound.
13:40 of 2nd period - Evgeny Kuznetsov wins face-off versus Sam Bennett in Little Stars zone.
13:45 of 2nd period - Wrist shot by Joonas Donskoi.
13:45 of 2nd period - Stopped by Matt Murray without a rebound.
13:46 of 2nd period - Evgeny Kuznetsov wins face-off versus Sam Bennett in Little Stars zone.
14:14 of 2nd period - Wrist shot by Sebastian Wannstrom.
14:14 of 2nd period - Shot Misses the Net.
14:22 of 2nd period - Backhand shot by Ben Hutton.
14:22 of 2nd period - Shot Blocked by Anton Cederholm.
14:24 of 2nd period - Snap shot by Ben Hutton.
14:24 of 2nd period - Stopped by Matt Murray without a rebound.
14:25 of 2nd period - Anton Lander wins face-off versus Evgeny Kuznetsov in Little Stars zone.
14:30 of 2nd period - Wrist shot by Anton Lander.
14:30 of 2nd period - Stopped by Matt Murray without a rebound.
14:31 of 2nd period - Anton Lander wins face-off versus Evgeny Kuznetsov in Little Stars zone.
14:32 of 2nd period - Wrist shot by Eric Tangradi.
14:32 of 2nd period - Stopped by Matt Murray with a rebound.
14:40 of 2nd period - Slapshot by Jesse Joensuu.
14:40 of 2nd period - Deflect By Evgeny Kuznetsov.
14:40 of 2nd period - Shot Misses the Net.
14:40 of 2nd period - Puck is out of play.
14:41 of 2nd period - Anton Lander wins face-off versus Evgeny Kuznetsov in Mulligans zone.
14:41 of 2nd period - Anton Lander is hit by Scott Kosmachuck.
14:48 of 2nd period - Slapshot by Evgeny Kuznetsov.
14:48 of 2nd period - Shot Misses the Net.
14:50 of 2nd period - Slapshot by Scott Kosmachuck.
14:50 of 2nd period - Goal by Scott Kosmachuck - Mulligans : 1 - Little Stars : 3.
14:51 of 2nd period - Anton Lander wins face-off versus Evgeny Kuznetsov in neutral zone.
15:00 of 2nd period - Slapshot by Anton Lander.
15:00 of 2nd period - Shot Blocked by Jesse Joensuu.
15:26 of 2nd period - Slapshot by Drayson Bowman.
15:26 of 2nd period - Stopped by Matt Murray with a rebound.
15:28 of 2nd period - Snap shot by Drayson Bowman.
15:28 of 2nd period - Goal by Drayson Bowman - Mulligans : 2 - Little Stars : 3.
15:29 of 2nd period - Anton Lander wins face-off versus Dana Tyrell in neutral zone.
15:35 of 2nd period - Icing by Tyler Wotherspoon.
15:36 of 2nd period - Anton Lander wins face-off versus Dana Tyrell in Little Stars zone.
15:39 of 2nd period - Wrist shot by Eric Tangradi.
15:39 of 2nd period - Stopped by Matt Murray with a rebound.
16:09 of 2nd period - Slapshot by Tyler Wotherspoon.
16:09 of 2nd period - Shot Blocked by Anton Lander.
16:11 of 2nd period - Snap shot by Tyler Wotherspoon.
16:11 of 2nd period - Shot Blocked by Cody Goloubef.
16:13 of 2nd period - Snap shot by Zach Budish.
16:13 of 2nd period - Stopped by Calvin Pickard with a rebound.
16:27 of 2nd period - Wrist shot by Zach Budish.
16:27 of 2nd period - Stopped by Calvin Pickard with a rebound.
17:05 of 2nd period - Snap shot by Dana Tyrell.
17:05 of 2nd period - Shot Misses the Net.
17:07 of 2nd period - Snap shot by Tyler Wotherspoon.
17:07 of 2nd period - Deflect By Dana Tyrell.
17:07 of 2nd period - Shot Misses the Net.
17:07 of 2nd period - Puck is out of play.
17:08 of 2nd period - Evgeny Kuznetsov wins face-off versus Maxime Macenauer in Mulligans zone.
17:13 of 2nd period - Snap shot by Evgeny Kuznetsov.
17:13 of 2nd period - Shot Blocked by Cade Fairchild.
17:15 of 2nd period - Slapshot by Evgeny Kuznetsov.
17:15 of 2nd period - Shot Misses the Net.
17:19 of 2nd period - Wrist shot by Evgeny Kuznetsov.
17:19 of 2nd period - Stopped by Calvin Pickard with a rebound.
17:21 of 2nd period - Snap shot by Scott Kosmachuck.
17:21 of 2nd period - Stopped by Calvin Pickard with a rebound.
17:23 of 2nd period - Slapshot by Jesse Joensuu.
17:23 of 2nd period - Stopped by Calvin Pickard with a rebound.
17:35 of 2nd period - Icing by Sebastian Wannstrom.
17:36 of 2nd period - Daniel O'regan wins face-off versus Sam Bennett in Little Stars zone.
17:43 of 2nd period - Wrist shot by Daniel O'regan.
17:43 of 2nd period - Shot Misses the Net.
17:45 of 2nd period - Slapshot by Anton Cederholm.
17:45 of 2nd period - Stopped by Calvin Pickard with a rebound.
18:04 of 2nd period - Sebastian Wannstrom is hit by Logan Shaw and loses puck.
18:11 of 2nd period - Slapshot by Tucker Poolman.
18:11 of 2nd period - Shot Blocked by Dalton Thrower.
18:13 of 2nd period - Wrist shot by Daniel O'regan.
18:13 of 2nd period - Shot Misses the Net.
18:15 of 2nd period - Backhand shot by Sebastian Wannstrom.
18:15 of 2nd period - Stopped by Calvin Pickard with a rebound.
18:29 of 2nd period - Wrist shot by Logan Shaw.
18:29 of 2nd period - Stopped by Matt Murray with a rebound.
18:47 of 2nd period - Snap shot by Logan Shaw.
18:47 of 2nd period - Shot Blocked by Michael Mersch.
18:55 of 2nd period - Snap shot by Michael Mersch.
18:55 of 2nd period - Stopped by Calvin Pickard with a rebound.
18:57 of 2nd period - Slapshot by Sebastian Wannstrom.
18:57 of 2nd period - Stopped by Calvin Pickard with a rebound.
18:59 of 2nd period - Snap shot by Daniel O'regan.
18:59 of 2nd period - Stopped by Calvin Pickard without a rebound.
19:00 of 2nd period - Evgeny Kuznetsov wins face-off versus Sam Bennett in Mulligans zone.
19:44 of 2nd period - Off-side.
19:45 of 2nd period - Jason Dickinson wins face-off versus Robby Fabbri in neutral zone.
19:49 of 2nd period - Icing by Valeri Nichushkin.
19:50 of 2nd period - Robby Fabbri wins face-off versus Jason Dickinson in Mulligans zone.
19:50 of 2nd period - Robby Fabbri is hit by Daniil Tarasov.
19:55 of 2nd period - Icing by Michael Sdao.
19:56 of 2nd period - Robby Fabbri wins face-off versus Evgeny Kuznetsov in Mulligans zone.
Goals for this period are 2 for Mulligans vs 3 for Little Stars.
Shots for this period are 15 for Mulligans vs 16 for Little Stars.

3rd period


0:01 of 3rd period - Anton Lander wins face-off versus Evgeny Kuznetsov in neutral zone.
0:25 of 3rd period - Eric Tangradi is hit by Sebastian Wannstrom and loses puck.
0:30 of 3rd period - Snap shot by Daniel O'regan.
0:30 of 3rd period - Shot Misses the Net.
0:34 of 3rd period - Wrist shot by Daniel O'regan.
0:34 of 3rd period - Stopped by Calvin Pickard with a rebound.
0:36 of 3rd period - Snap shot by Anton Cederholm.
0:36 of 3rd period - Shot Misses the Net.
0:38 of 3rd period - Snap shot by Patrick Wiercioch.
0:38 of 3rd period - Stopped by Calvin Pickard without a rebound.
0:39 of 3rd period - Evgeny Kuznetsov wins face-off versus Maxime Macenauer in Mulligans zone.
0:40 of 3rd period - Wrist shot by Jesse Joensuu.
0:40 of 3rd period - Stopped by Calvin Pickard without a rebound.
0:41 of 3rd period - Maxime Macenauer wins face-off versus Evgeny Kuznetsov in Mulligans zone.
0:41 of 3rd period - Maxime Macenauer is hit by Evgeny Kuznetsov.
1:11 of 3rd period - Wrist shot by Adam Tambellini.
1:11 of 3rd period - Shot Misses the Net.
1:13 of 3rd period - Wrist shot by Anton Cederholm.
1:13 of 3rd period - Shot Blocked by Drayson Bowman.
1:15 of 3rd period - Snap shot by Dana Tyrell.
1:15 of 3rd period - Shot Misses the Net.
1:17 of 3rd period - Wrist shot by Dana Tyrell.
1:17 of 3rd period - Shot Blocked by Cade Fairchild.
1:54 of 3rd period - Snap shot by Daniil Tarasov.
1:54 of 3rd period - Stopped by Calvin Pickard without a rebound.
1:55 of 3rd period - Robby Fabbri wins face-off versus Jason Dickinson in Mulligans zone.
2:19 of 3rd period - Robby Fabbri is hit by Reece Willcox and loses puck.
2:39 of 3rd period - Icing by Michael Sdao.
2:40 of 3rd period - Robby Fabbri wins face-off versus Evgeny Kuznetsov in Mulligans zone.
2:40 of 3rd period - Robby Fabbri is hit by Evgeny Kuznetsov.
2:59 of 3rd period - Minor Penalty to Valeri Nichushkin for Tripping.
3:00 of 3rd period - Jesse Joensuu wins face-off versus Anton Lander in Mulligans zone.
4:46 of 3rd period - Jonathan Ferland is hit by Evgeny Kuznetsov and loses puck.
4:59 of 3rd period - Penalty to Valeri Nichushkin is over, Valeri Nichushkin is back on ice.
5:09 of 3rd period - Anton Cederholm is hit by Sam Bennett and loses puck.
5:28 of 3rd period - Michael Mersch is hit by Dalton Thrower and loses puck.
5:48 of 3rd period - Slapshot by Maxime Macenauer.
5:48 of 3rd period - Shot Misses the Net.
6:39 of 3rd period - Off-side.
6:40 of 3rd period - Anton Lander wins face-off versus Dana Tyrell in neutral zone.
7:01 of 3rd period - Logan Shaw is hit by Michael Mersch and loses puck.
7:38 of 3rd period - Jonathan Ferland is hit by Jason Dickinson and loses puck.
7:57 of 3rd period - Robbie Russo is hit by Adam Tambellini and loses puck.
8:26 of 3rd period - Slapshot by Logan Shaw.
8:26 of 3rd period - Shot Misses the Net.
9:15 of 3rd period - Minor Penalty to Eric Tangradi for Roughing.
9:16 of 3rd period - Anton Lander wins face-off versus Evgeny Kuznetsov in Mulligans zone.
10:07 of 3rd period - Icing by Dana Tyrell.
10:08 of 3rd period - Anton Lander wins face-off versus Dana Tyrell in Little Stars zone.
10:09 of 3rd period - Wrist shot by Joonas Donskoi.
10:09 of 3rd period - Shot Misses the Net.
10:15 of 3rd period - Wrist shot by Adam Tambellini.
10:15 of 3rd period - Stopped by Calvin Pickard without a rebound.
10:16 of 3rd period - Dana Tyrell wins face-off versus Anton Lander in Mulligans zone.
10:21 of 3rd period - Wrist shot by Zach Budish.
10:21 of 3rd period - Deflect By Anton Lander.
10:21 of 3rd period - Stopped by Calvin Pickard without a rebound.
10:22 of 3rd period - Dana Tyrell wins face-off versus Anton Lander in Mulligans zone.
10:29 of 3rd period - Backhand shot by Dana Tyrell.
10:29 of 3rd period - Goal by Dana Tyrell - Mulligans : 2 - Little Stars : 4.
10:30 of 3rd period - Anton Lander wins face-off versus Evgeny Kuznetsov in neutral zone.
11:18 of 3rd period - Joonas Donskoi is hit by Sebastian Wannstrom and loses puck.
11:23 of 3rd period - Snap shot by Daniel O'regan.
11:23 of 3rd period - Shot Blocked by Ben Hutton.
11:25 of 3rd period - Snap shot by Daniel O'regan.
11:25 of 3rd period - Shot Misses the Net.
11:27 of 3rd period - Snap shot by Michael Mersch.
11:27 of 3rd period - Goal by Michael Mersch - Mulligans : 2 - Little Stars : 5.
11:28 of 3rd period - Evgeny Kuznetsov wins face-off versus Anton Lander in neutral zone.
11:41 of 3rd period - Wrist shot by Evgeny Kuznetsov.
11:41 of 3rd period - Shot Misses the Net.
11:43 of 3rd period - Wrist shot by Jesse Joensuu.
11:43 of 3rd period - Stopped by Calvin Pickard with a rebound.
11:59 of 3rd period - Tucker Poolman is hit by Anton Lander and loses puck.
12:01 of 3rd period - Minor Penalty to Eric Tangradi for Hooking.
12:02 of 3rd period - Evgeny Kuznetsov wins face-off versus Anton Lander in Mulligans zone.
12:42 of 3rd period - Off-side.
12:43 of 3rd period - Anton Lander wins face-off versus Jesse Joensuu in neutral zone.
12:46 of 3rd period - Slapshot by Ben Hutton.
12:46 of 3rd period - Stopped by Matt Murray without a rebound.
12:47 of 3rd period - Anton Lander wins face-off versus Evgeny Kuznetsov in Little Stars zone.
12:58 of 3rd period - Snap shot by Evgeny Kuznetsov.
12:58 of 3rd period - Stopped by Calvin Pickard with a rebound.
13:00 of 3rd period - Snap shot by Scott Kosmachuck.
13:00 of 3rd period - Shot Blocked by Cade Fairchild.
13:02 of 3rd period - Snap shot by Jesse Joensuu.
13:02 of 3rd period - Stopped by Calvin Pickard with a rebound.
14:01 of 3rd period - Penalty to Eric Tangradi is over, Eric Tangradi is back on ice.
14:10 of 3rd period - Wrist shot by Matt Beleskey.
14:10 of 3rd period - Stopped by Matt Murray with a rebound.
14:56 of 3rd period - Wrist shot by Michael Mersch.
14:56 of 3rd period - Shot Blocked by Drayson Bowman.
16:25 of 3rd period - Snap shot by Eric Tangradi.
16:25 of 3rd period - Stopped by Matt Murray without a rebound.
16:26 of 3rd period - Anton Lander wins face-off versus Evgeny Kuznetsov in Little Stars zone.
16:27 of 3rd period - Snap shot by Jonathan Ferland.
16:27 of 3rd period - Stopped by Matt Murray with a rebound.
16:29 of 3rd period - Slapshot by Cade Fairchild.
16:29 of 3rd period - Deflect By Eric Tangradi.
16:29 of 3rd period - Stopped by Matt Murray with a rebound.
16:31 of 3rd period - Slapshot by Ben Hutton.
16:31 of 3rd period - Shot Blocked by Reece Willcox.
16:33 of 3rd period - Slapshot by Jonathan Ferland.
16:33 of 3rd period - Shot Hit the Post.
16:35 of 3rd period - Snap shot by Jonathan Ferland.
16:35 of 3rd period - Stopped by Matt Murray without a rebound.
16:36 of 3rd period - Evgeny Kuznetsov wins face-off versus Maxime Macenauer in Little Stars zone.
17:23 of 3rd period - Joonas Donskoi is hit by Michael Mersch and loses puck.
17:28 of 3rd period - Snap shot by Daniel O'regan.
17:28 of 3rd period - Stopped by Calvin Pickard with a rebound.
17:44 of 3rd period - Wrist shot by Jesse Joensuu.
17:44 of 3rd period - Shot Misses the Net.
17:52 of 3rd period - Snap shot by Jesse Joensuu.
17:52 of 3rd period - Shot Blocked by Cody Goloubef.
17:54 of 3rd period - Slapshot by Tyler Wotherspoon.
17:54 of 3rd period - Shot Misses the Net.
18:14 of 3rd period - Anton Cederholm is hit by Jonathan Ferland and loses puck.
19:06 of 3rd period - Michael Sdao is hit by Michael Mersch and loses puck.
19:15 of 3rd period - Sebastian Wannstrom is hit by Logan Shaw and loses puck.
19:32 of 3rd period - Slapshot by Tyson Barrie.
19:32 of 3rd period - Goal by Tyson Barrie - Mulligans : 2 - Little Stars : 6.
19:33 of 3rd period - Anton Lander wins face-off versus Evgeny Kuznetsov in neutral zone.
Goals for this period are 0 for Mulligans vs 3 for Little Stars.
Shots for this period are 6 for Mulligans vs 13 for Little Stars.